Map: Gresvan LE

Players

winzboy - Winner!

  • Race: Protoss Protoss
  • Spawn Location: 11:00

VOD

Have the link to the VOD?

Description

Time

  • Played on: May 17, 2023, 4:43 a.m.
  • Length: 17:41
Show
View Real Time Build Order
Export as new Build Order

winzboy Protoss - Winner!

Build Orders:  

Get SALT Encoding   

  12  0:05  Probe (Chrono Boost)  
  13  0:25  Pylon  
  13  0:26  Probe (Chrono Boost)  
  14  0:37  Probe (Chrono Boost)  
  15  0:55  Gateway  
  15  0:57  Probe (Chrono Boost)  
  16  1:07  Assimilator  
  16  1:14  Probe (Chrono Boost)  
  18  1:31  Probe (Chrono Boost)  
  18  1:47  Probe (Chrono Boost)  
  19  2:08  Nexus, Probe (Chrono Boost)  
  20  2:24  Cybernetics Core  
  20  2:25  Probe (Chrono Boost)  
  21  2:39  Assimilator  
  21  2:46  Probe (Chrono Boost)  
  22  3:08  Pylon  
  22  3:14  Probe (Chrono Boost)  
  24  3:42  Probe (Chrono Boost)  
  26  3:58  Probe (Chrono Boost)  
  26  3:59  Probe (Chrono Boost)  
  28  4:15  Probe (Chrono Boost)  
  29  4:22  Robotics Facility  
  29  4:26  Shield Battery  
  29  4:31  Unknown  
  29  4:34  Stalker  
  31  4:56  Warp Gate (Chrono Boost)  
  31  5:23  Probe x2  
  33  5:30  Observer  
  33  5:39  Sentry  
  34  5:40  Probe x2  
  38  5:57  Probe x2  
  40  6:21  Immortal  
  40  6:27  Pylon  
  40  6:28  Probe  
  40  6:29  Probe  
  46  6:52  Probe x2  
  48  7:00  Forge  
  48  7:05  Twilight Council  
  48  7:17  Pylon  
  48  7:21  Probe  
  48  7:22  Probe  
  50  7:30  Assimilator  
  50  7:33  Assimilator  
  50  7:38  Probe  
  50  7:39  Probe  
  52  7:55  Probe  
  52  7:56  Probe  
  52  7:58  Protoss Ground Weapons Level 1  
  54  8:05  Pylon  
  54  8:12  Probe  
  54  8:13  Probe  
  56  8:29  Probe  
  57  8:56  Gateway  
  57  8:59  Gateway  
  57  9:01  Gateway  
  57  9:02  Gateway  
  57  9:05  Gateway  
  57  9:06  Gateway  
  57  9:10  Gateway  
  57  9:17  Templar Archives  
  57  9:38  Charge (Chrono Boost)  
  57  9:39  Probe x2  
  59  9:56  Probe  
  60  10:06  Pylon  
  60  10:07  Pylon  
  60  10:10  Immortal  
  64  10:29  Robotics Bay  
  64  10:31  Robotics Facility  
  64  10:32  Robotics Facility  
  64  10:36  Robotics Facility  
  64  10:43  Pylon  
  64  10:46  Pylon  
  64  10:48  Stalker  
  64  10:49  Stalker  
  68  10:50  Stalker  
  68  10:52  Stalker x2  
  68  10:53  Stalker  
  68  10:55  Stalker x2  
  68  10:57  Pylon  
  68  10:59  Pylon  
  68  11:28  Stalker  
  68  11:29  Stalker x2  
  74  11:30  Stalker  
  74  11:31  Stalker  
  74  11:34  High Templar  
  80  12:04  Nexus, Colossus  
  86  12:11  Pylon  
  86  12:14  Zealot x2  
  86  12:15  Pylon, Zealot x2  
  86  12:16  Zealot  
  86  12:17  Zealot x2  
  86  12:18  Pylon  
  100  12:34  Colossus  
  106  12:42  High Templar  
  108  13:05  Zealot x2  
  108  13:06  Zealot x2  
  108  13:07  Zealot x2  
  108  13:08  Zealot  
  122  13:16  Archon  
  122  13:41  Warp Prism  
  122  13:42  Colossus  
  122  13:49  Protoss Ground Armor Level 1 (Chrono Boost)  
  130  14:17  Warp Prism  
  130  14:19  Observer  
  133  14:36  Assimilator  
  133  14:41  Assimilator  
  133  14:45  Pylon  
  133  14:48  Pylon  
  133  14:50  Pylon  
  133  14:55  Pylon  
  131  15:55  Zealot  
  131  15:56  Zealot  
  131  15:57  Zealot x2  
  131  15:58  Zealot  
  131  15:59  Zealot x2  
  145  16:00  Zealot  
  141  17:02  High Templar  
  141  17:03  High Templar x2  
  141  17:04  High Templar x2  
  141  17:05  High Templar  
  141  17:06  High Templar x2  
  157  17:10  Archon  
  157  17:11  Archon x3  
Tags
 
Matchup
Co-op
Replay Pack
Multiplayer
Add a new tag
Caveats
  • Supply blocks, unpowered buildings, or Contaminate may cause inaccurate times.
  • Supply counts are checked every 10 seconds.